[ AOE2 MATCH · #475157213 ]
UnrankedLithuanians vs Aztecs
[ REPLAY ANALYSIS · EXTRACTED FROM THE RECORDED GAME ]
Feudal
10:35
Castle
14:20
Imperial
28:13
| APM avg | 31.3 |
| APM peak | 55 |
| eAPM avg | 19.9 |
| Villagers / military | 137 / 76 |
Focus
⚔️ 25.5% · 🌾 74.5%
Knight ×63 · Hand Cannoneer ×11 · Monk ×2
Feudal
10:56
Castle
14:26
Imperial
—
| APM avg | 40.1 |
| APM peak | 71 |
| eAPM avg | 23.3 |
| Villagers / military | 119 / 14 |
Focus
⚔️ 28.9% · 🌾 71.1%
Monk ×5 · Spearman ×5 · Mangonel ×4
Feudal
9:29
Castle
13:09
Imperial
—
| APM avg | 30.0 |
| APM peak | 70 |
| eAPM avg | 17.2 |
| Villagers / military | 108 / 19 |
Focus
⚔️ 30.0% · 🌾 70.0%
Monk ×9 · Battering Ram ×6 · Scorpion ×3 · Mangonel ×1
Feudal
10:54
Castle
13:21
Imperial
27:19
| APM avg | 30.5 |
| APM peak | 67 |
| eAPM avg | 16.8 |
| Villagers / military | 132 / 98 |
Focus
⚔️ 33.8% · 🌾 66.2%
Archer ×87 · Bombard Cannon ×9 · Spearman ×1 · Skirmisher ×1
Feudal
7:20
Castle
15:50
Imperial
25:18
| APM avg | 39.6 |
| APM peak | 88 |
| eAPM avg | 19.0 |
| Villagers / military | 109 / 125 |
Focus
⚔️ 46.0% · 🌾 54.0%
Spearman ×94 · Scorpion ×16 · Battering Ram ×12 · Mangonel ×3
Feudal
10:31
Castle
14:21
Imperial
28:45
| APM avg | 46.3 |
| APM peak | 92 |
| eAPM avg | 30.2 |
| Villagers / military | 141 / 141 |
Focus
⚔️ 40.8% · 🌾 59.2%
Militia ×131 · Huskarl ×7 · Monk ×2 · Spearman ×1
Feudal
11:47
Castle
15:35
Imperial
—
| APM avg | 41.9 |
| APM peak | 80 |
| eAPM avg | 16.2 |
| Villagers / military | 113 / 116 |
Focus
⚔️ 20.5% · 🌾 79.5%
Skirmisher ×98 · Scout Cavalry ×11 · Knight ×7
Feudal
10:31
Castle
14:02
Imperial
27:55
| APM avg | 38.6 |
| APM peak | 83 |
| eAPM avg | 26.8 |
| Villagers / military | 191 / 33 |
Focus
⚔️ 38.8% · 🌾 61.2%
Unknown (882) ×163 · Spearman ×15 · Militia ×10 · Battering Ram ×8
Match map
Initial resources + every placement click. Lines = walls · curves = elevation contours. ◆ gold · ⬟ stone · ● berries · ✦ relic · ◌ wall gap
Your base· ✓ Closed at 14:20 · 0t walls · 3 gate(s)
Cowboy's base· ✓ Closed at 14:26 · 0t walls · 3 gate(s)
TheBlackMamba's base· ✓ Closed at 13:09 · 0t walls · 2 gate(s)
4lex's base· ✓ Closed at 13:21 · 0t walls · 2 gate(s)
earthshaker82's base· ✓ Closed at 15:50 · 0t walls · 3 gate(s)
pab.lo's base· ✓ Closed at 14:21 · 0t walls · 2 gate(s)
Supernatural's base· ✓ Closed at 15:35 · 0t walls · 2 gate(s)
Unknown's base· ✓ Closed at 14:02 · 0t walls · 2 gate(s)
Smoothed initial terrain · ◌ = detected wall gap · hover for details
Inputs per minute
— Shamdan - - Cowboy
Build order — Shamdan
First 150 of 390 actions detected
| 0:02 | Create | Villager (Male) ×5 |
| 0:05 | Build | House |
| 0:08 | Build | House |
| 0:35 | Create | Villager (Male) |
| 1:31 | Create | Villager (Male) |
| 1:51 | Build | Lumber Camp |
| 2:37 | Create | Villager (Male) |
| 3:04 | Create | Villager (Male) |
| 3:09 | Build | House |
| 3:27 | Create | Villager (Male) |
| 3:40 | Create | Villager (Male) |
| 4:02 | Create | Villager (Male) |
| 4:17 | Create | Villager (Male) |
| 4:51 | Build | Mill |
| 4:53 | Create | Villager (Male) |
| 5:31 | Build | House |
| 5:32 | Build | House |
| 5:49 | Create | Villager (Male) |
| 6:08 | Create | Villager (Male) |
| 6:44 | Create | Villager (Male) |
| 6:54 | Build | Farm |
| 7:06 | Create | Villager (Male) |
| 7:14 | Build | Mining Camp |
| 7:29 | Create | Villager (Male) |
| 7:39 | Build | Farm |
| 8:00 | Create | Villager (Male) |
| 8:14 | Research | Feudal Age |
| 8:23 | Build | Farm |
| 10:33 | Create | Villager (Male) |
| 10:35 | Age | Feudal Age |
| 10:40 | Build | Market |
| 10:46 | Build | Blacksmith |
| 10:52 | Create | Villager (Male) |
| 11:40 | Research | Castle Age |
| 12:41 | Build | Farm |
| 12:45 | Research | Double-Bit Axe |
| 12:48 | Research | Horse Collar |
| 12:54 | Build | House |
| 12:55 | Build | House |
| 13:53 | Create | Villager (Male) |
| 14:20 | Age | Castle Age |
| 14:29 | Build | Monastery |
| 14:33 | Build | Town Center |
| 14:35 | Research | Bow Saw |
| 14:39 | Create | Villager (Male) |
| 14:47 | Build | Farm |
| 14:49 | Build | Farm |
| 14:52 | Research | Heavy Plow |
| 14:56 | Create | Villager (Male) |
| 14:59 | Create | Monk |
| 15:13 | Build | Farm |
| 15:15 | Build | Farm |
| 15:29 | Create | Villager (Male) |
| 15:38 | Build | Lumber Camp |
| 15:42 | Create | Villager (Male) |
| 15:52 | Create | Villager (Male) |
| 15:54 | Create | Villager (Male) |
| 16:03 | Build | Farm |
| 16:04 | Create | Villager (Male) |
| 16:06 | Build | Farm |
| 16:08 | Create | Villager (Male) |
| 16:14 | Create | Villager (Male) |
| 16:28 | Create | Villager (Male) |
| 16:31 | Build | Farm |
| 16:39 | Create | Villager (Male) |
| 16:46 | Build | House |
| 16:48 | Build | House |
| 17:14 | Create | Villager (Male) |
| 17:15 | Create | Villager (Male) |
| 17:21 | Create | Villager (Male) |
| 17:28 | Build | Town Center |
| 17:39 | Create | Villager (Male) |
| 17:48 | Build | Farm |
| 17:50 | Create | Villager (Male) |
| 17:54 | Build | Farm |
| 18:01 | Research | Loom |
| 18:03 | Create | Villager (Male) |
| 18:09 | Create | Villager (Male) |
| 18:14 | Create | Villager (Male) |
| 18:23 | Build | Farm |
| 18:24 | Create | Villager (Male) |
| 18:33 | Create | Villager (Male) |
| 18:40 | Build | Farm |
| 18:45 | Create | Villager (Male) |
| 18:48 | Research | Gold Mining |
| 18:54 | Build | Farm |
| 18:58 | Build | Farm |
| 18:59 | Build | Farm |
| 19:01 | Build | Farm |
| 19:03 | Build | Farm |
| 19:04 | Create | Villager (Male) |
| 19:17 | Create | Villager (Male) |
| 19:19 | Create | Monk |
| 19:24 | Create | Villager (Male) |
| 19:30 | Build | Town Center |
| 19:32 | Create | Villager (Male) |
| 19:35 | Build | Farm |
| 19:39 | Create | Villager (Male) |
| 19:47 | Create | Villager (Male) |
| 19:59 | Create | Villager (Male) |
| 20:07 | Create | Villager (Male) |
| 20:11 | Build | Lumber Camp |
| 20:15 | Create | Villager (Male) |
| 20:23 | Build | Outpost |
| 20:25 | Create | Villager (Male) |
| 20:27 | Build | Farm |
| 20:28 | Create | Villager (Male) |
| 20:31 | Create | Villager (Male) |
| 20:33 | Build | Farm |
| 20:35 | Build | Farm |
| 20:46 | Create | Villager (Male) |
| 20:51 | Build | Farm |
| 20:54 | Create | Villager (Male) |
| 20:55 | Research | Wheelbarrow |
| 21:01 | Build | House |
| 21:02 | Build | House |
| 21:03 | Create | Villager (Male) |
| 21:11 | Create | Villager (Male) |
| 21:20 | Create | Villager (Male) |
| 21:28 | Build | Outpost |
| 21:30 | Create | Villager (Male) |
| 21:34 | Research | Town Watch |
| 21:39 | Build | Mining Camp |
| 21:44 | Build | Farm |
| 21:45 | Build | Farm |
| 21:45 | Build | Farm |
| 21:45 | Build | Farm |
| 21:45 | Build | Farm |
| 21:45 | Build | Farm |
| 21:48 | Create | Villager (Male) |
| 21:52 | Create | Villager (Male) |
| 22:04 | Build | Lumber Camp |
| 22:06 | Create | Villager (Male) |
| 22:09 | Build | Farm |
| 22:17 | Create | Villager (Male) |
| 22:18 | Create | Villager (Male) |
| 22:18 | Create | Villager (Male) |
| 22:18 | Create | Villager (Male) |
| 22:26 | Create | Villager (Male) |
| 22:29 | Build | House |
| 22:30 | Build | House |
| 22:31 | Create | Villager (Male) |
| 22:34 | Create | Villager (Male) |
| 22:44 | Build | House |
| 22:45 | Build | House |
| 22:47 | Create | Villager (Male) |
| 22:54 | Build | University |
| 22:57 | Create | Villager (Male) |
| 23:04 | Build | Farm |
| 23:08 | Create | Villager (Male) |
Build order — Cowboy
First 150 of 211 actions detected
| 0:01 | Create | Villager (Male) |
| 0:02 | Create | Villager (Male) |
| 0:03 | Build | House |
| 0:04 | Build | House |
| 0:12 | Create | Villager (Male) |
| 0:12 | Create | Villager (Male) |
| 1:23 | Create | Villager (Male) |
| 1:52 | Build | Lumber Camp |
| 2:03 | Create | Villager (Male) |
| 2:28 | Create | Villager (Male) |
| 2:51 | Create | Villager (Male) |
| 3:17 | Create | Villager (Male) |
| 3:17 | Create | Villager (Male) |
| 3:25 | Build | House |
| 3:26 | Build | House |
| 3:26 | Build | House |
| 3:37 | Create | Villager (Male) |
| 3:37 | Create | Villager (Male) |
| 4:02 | Create | Villager (Male) |
| 4:19 | Build | Mill |
| 4:26 | Create | Villager (Male) |
| 4:58 | Create | Villager (Male) |
| 5:01 | Create | Villager (Male) |
| 5:01 | Create | Villager (Male) |
| 5:44 | Create | Villager (Male) |
| 5:44 | Create | Villager (Male) |
| 5:44 | Create | Villager (Male) |
| 6:18 | Create | Villager (Male) |
| 6:18 | Create | Villager (Male) |
| 6:53 | Create | Villager (Male) |
| 6:59 | Create | Villager (Male) |
| 6:59 | Create | Villager (Male) |
| 6:59 | Create | Villager (Male) |
| 7:05 | Create | Villager (Male) |
| 7:05 | Create | Villager (Male) |
| 7:16 | Create | Villager (Male) |
| 7:35 | Create | Villager (Male) |
| 8:26 | Build | Mining Camp |
| 8:31 | Research | Feudal Age |
| 9:49 | Create | Villager (Male) |
| 9:49 | Create | Villager (Male) |
| 9:59 | Build | Farm |
| 10:01 | Build | Farm |
| 10:05 | Build | Farm |
| 10:56 | Age | Feudal Age |
| 10:58 | Build | Market |
| 11:00 | Build | Blacksmith |
| 11:45 | Research | Castle Age |
| 11:52 | Research | Horse Collar |
| 12:03 | Build | House |
| 13:52 | Build | House |
| 14:26 | Create | Villager (Male) |
| 14:26 | Age | Castle Age |
| 14:30 | Build | Monastery |
| 14:33 | Build | Town Center |
| 14:36 | Build | Town Center |
| 14:42 | Create | Villager (Male) |
| 15:15 | Create | Monk |
| 15:17 | Create | Villager (Male) |
| 15:17 | Create | Villager (Male) |
| 15:20 | Build | House |
| 15:21 | Build | House |
| 15:24 | Create | Villager (Male) |
| 15:26 | Build | Farm |
| 15:35 | Build | Farm |
| 15:35 | Build | Farm |
| 15:35 | Build | Farm |
| 15:36 | Build | Farm |
| 15:36 | Build | Farm |
| 15:40 | Create | Villager (Male) |
| 15:41 | Create | Villager (Male) |
| 15:51 | Build | House |
| 15:52 | Create | Villager (Male) |
| 15:52 | Create | Villager (Male) |
| 15:52 | Create | Villager (Male) |
| 15:58 | Build | Farm |
| 16:16 | Research | Loom |
| 16:29 | Build | Stone Wall |
| 16:29 | Build | Stone Wall |
| 16:33 | Build | Stone Wall |
| 16:34 | Create | Villager (Male) |
| 16:43 | Build | Stone Wall |
| 16:51 | Build | Stone Wall |
| 16:59 | Build | Stone Wall |
| 17:10 | Create | Monk |
| 17:10 | Create | Villager (Male) |
| 17:11 | Create | Villager (Male) |
| 17:13 | Build | Stone Wall |
| 17:17 | Build | Siege Workshop |
| 17:22 | Build | Stone Wall |
| 17:25 | Build | Stone Wall |
| 17:27 | Create | Villager (Male) |
| 17:33 | Build | Stone Wall |
| 17:34 | Build | Stone Wall |
| 17:40 | Build | Barracks |
| 17:47 | Build | Stone Wall |
| 17:49 | Build | Stone Wall |
| 17:50 | Create | Villager (Male) |
| 18:06 | Create | Mangonel |
| 18:09 | Create | Villager (Male) |
| 18:10 | Create | Villager (Male) |
| 18:12 | Build | Stone Wall |
| 18:14 | Build | Stone Wall |
| 18:15 | Build | Stone Wall |
| 18:22 | Create | Spearman |
| 18:23 | Create | Spearman |
| 18:50 | Create | Spearman |
| 19:23 | Create | Spearman |
| 19:23 | Create | Spearman |
| 19:32 | Create | Mangonel |
| 20:57 | Build | Barracks |
| 21:26 | Build | Town Center |
| 23:26 | Create | Mangonel |
| 24:54 | Create | Villager (Male) |
| 25:19 | Build | Farm |
| 25:28 | Build | Stone Wall |
| 25:38 | Create | Villager (Male) |
| 25:38 | Create | Villager (Male) |
| 26:02 | Create | Villager (Male) |
| 26:15 | Create | Villager (Male) |
| 26:16 | Create | Villager (Male) |
| 26:28 | Build | Stone Wall |
| 26:34 | Create | Villager (Male) |
| 26:34 | Create | Villager (Male) |
| 26:49 | Create | Villager (Male) |
| 27:05 | Create | Villager (Male) |
| 27:06 | Create | Villager (Male) |
| 27:18 | Build | Farm |
| 27:24 | Create | Villager (Male) |
| 27:34 | Create | Villager (Male) |
| 27:34 | Create | Villager (Male) |
| 27:56 | Create | Villager (Male) |
| 27:59 | Build | Farm |
| 28:05 | Create | Villager (Male) |
| 28:13 | Research | Redemption |
| 28:17 | Create | Villager (Male) |
| 28:18 | Build | Farm |
| 28:34 | Create | Villager (Male) |
| 28:34 | Create | Villager (Male) |
| 28:36 | Build | Farm |
| 28:42 | Create | Monk |
| 28:50 | Create | Villager (Male) |
| 29:07 | Create | Villager (Male) |
| 29:07 | Create | Villager (Male) |
| 29:18 | Build | Farm |
| 29:20 | Create | Villager (Male) |
| 29:20 | Create | Villager (Male) |
| 29:30 | Create | Villager (Male) |
| 29:30 | Create | Villager (Male) |
| 29:45 | Create | Villager (Male) |
Build order — TheBlackMamba
First 150 of 227 actions detected
| 0:00 | Create | Villager (Male) |
| 0:01 | Create | Villager (Male) |
| 0:01 | Create | Villager (Male) |
| 0:01 | Create | Villager (Male) |
| 0:03 | Build | House |
| 0:05 | Build | House |
| 1:15 | Create | Villager (Male) |
| 1:57 | Create | Villager (Male) |
| 1:58 | Create | Villager (Male) |
| 2:10 | Build | Lumber Camp |
| 2:12 | Create | Villager (Male) |
| 2:12 | Create | Villager (Male) |
| 2:31 | Create | Villager (Male) |
| 2:53 | Create | Villager (Male) |
| 2:53 | Create | Villager (Male) |
| 3:18 | Create | Villager (Male) |
| 3:52 | Create | Villager (Male) |
| 3:52 | Create | Villager (Male) |
| 4:14 | Build | House |
| 4:40 | Build | Mill |
| 4:44 | Create | Villager (Male) |
| 4:44 | Create | Villager (Male) |
| 5:38 | Create | Villager (Male) |
| 5:38 | Create | Villager (Male) |
| 5:46 | Build | House |
| 5:48 | Create | Villager (Male) |
| 5:48 | Create | Villager (Male) |
| 6:00 | Create | Villager (Male) |
| 6:55 | Build | Mining Camp |
| 7:19 | Research | Feudal Age |
| 7:19 | Research | Feudal Age |
| 8:01 | Create | Villager (Male) |
| 8:01 | Research | Loom |
| 8:58 | Create | Villager (Male) |
| 9:24 | Research | Loom |
| 9:29 | Age | Feudal Age |
| 9:31 | Build | Market |
| 9:35 | Build | Blacksmith |
| 10:29 | Research | Castle Age |
| 11:17 | Create | Villager (Male) |
| 12:00 | Build | House |
| 12:01 | Build | House |
| 12:08 | Research | Double-Bit Axe |
| 12:54 | Create | Villager (Male) |
| 13:09 | Age | Castle Age |
| 13:15 | Create | Villager (Male) |
| 13:29 | Build | Monastery |
| 13:43 | Create | Villager (Male) |
| 13:51 | Build | Siege Workshop |
| 14:03 | Create | Monk |
| 14:08 | Create | Villager (Male) |
| 14:34 | Create | Battering Ram |
| 14:43 | Research | Sanctity |
| 14:47 | Build | House |
| 15:03 | Create | Monk |
| 15:18 | Create | Battering Ram |
| 15:54 | Create | Villager (Male) |
| 15:54 | Create | Villager (Male) |
| 16:19 | Build | Monastery |
| 16:58 | Create | Villager (Male) |
| 17:01 | Research | Atonement |
| 17:18 | Create | Monk |
| 17:18 | Create | Monk |
| 17:19 | Build | House |
| 17:35 | Create | Scorpion |
| 17:36 | Create | Villager (Male) |
| 17:36 | Create | Villager (Male) |
| 17:46 | Build | House |
| 18:30 | Create | Mangonel |
| 18:48 | Create | Monk |
| 18:48 | Create | Monk |
| 18:48 | Create | Monk |
| 18:55 | Build | House |
| 19:09 | Create | Battering Ram |
| 20:40 | Build | Siege Workshop |
| 20:41 | Create | Battering Ram |
| 20:58 | Research | Redemption |
| 21:16 | Create | Villager (Male) |
| 21:16 | Create | Villager (Male) |
| 21:16 | Create | Villager (Male) |
| 21:20 | Build | Farm |
| 21:20 | Build | Farm |
| 21:20 | Build | Farm |
| 21:21 | Build | Farm |
| 21:28 | Build | House |
| 21:57 | Create | Villager (Male) ×2 |
| 21:58 | Build | Farm |
| 22:16 | Create | Scorpion |
| 22:18 | Build | House |
| 22:58 | Create | Battering Ram |
| 23:24 | Create | Battering Ram |
| 23:28 | Create | Villager (Male) |
| 23:28 | Create | Villager (Male) |
| 23:48 | Build | House |
| 24:05 | Create | Scorpion |
| 24:35 | Create | Villager (Male) |
| 24:36 | Create | Villager (Male) |
| 24:36 | Create | Villager (Male) |
| 24:48 | Create | Villager (Male) |
| 24:48 | Create | Villager (Male) |
| 24:55 | Build | Lumber Camp |
| 24:58 | Build | Farm |
| 24:59 | Build | Farm |
| 25:10 | Create | Monk |
| 25:10 | Create | Monk |
| 25:29 | Research | Bow Saw |
| 26:04 | Build | Town Center |
| 26:21 | Create | Villager (Male) |
| 26:22 | Create | Villager (Male) |
| 26:25 | Create | Villager (Male) |
| 26:25 | Create | Villager (Male) |
| 26:25 | Create | Villager (Male) |
| 26:38 | Build | Farm |
| 26:39 | Build | Farm |
| 26:41 | Create | Villager (Male) |
| 26:41 | Create | Villager (Male) |
| 26:54 | Create | Villager (Male) |
| 26:54 | Create | Villager (Male) |
| 26:59 | Build | Farm |
| 27:00 | Build | Farm |
| 27:01 | Build | Farm |
| 27:15 | Build | Farm |
| 27:16 | Create | Villager (Male) |
| 27:17 | Create | Villager (Male) |
| 27:20 | Build | Farm |
| 27:42 | Build | Monastery |
| 27:47 | Create | Villager (Male) |
| 27:48 | Create | Villager (Male) |
| 27:50 | Create | Villager (Male) |
| 27:51 | Create | Villager (Male) |
| 27:51 | Create | Villager (Male) |
| 28:07 | Create | Villager (Male) |
| 28:07 | Create | Villager (Male) |
| 28:08 | Create | Villager (Male) |
| 28:13 | Research | Wheelbarrow |
| 28:18 | Build | Farm |
| 28:26 | Build | Farm |
| 28:32 | Build | House |
| 28:41 | Create | Villager (Male) |
| 28:41 | Create | Villager (Male) |
| 28:51 | Build | Farm |
| 28:52 | Build | Farm |
| 28:53 | Build | Farm |
| 28:55 | Build | Farm |
| 28:56 | Create | Villager (Male) |
| 28:56 | Create | Villager (Male) |
| 28:57 | Create | Villager (Male) |
| 29:20 | Create | Villager (Male) |
| 29:26 | Build | House |
| 29:26 | Create | Villager (Male) |
Build order — 4lex
First 150 of 248 actions detected
| 0:01 | Create | Villager (Male) |
| 0:03 | Build | House |
| 0:05 | Build | House |
| 0:18 | Create | Villager (Male) |
| 0:19 | Create | Villager (Male) |
| 0:38 | Create | Villager (Male) |
| 1:24 | Create | Villager (Male) |
| 1:58 | Create | Villager (Male) |
| 1:59 | Create | Villager (Male) |
| 2:14 | Build | Lumber Camp |
| 2:28 | Create | Villager (Male) |
| 2:29 | Create | Villager (Male) |
| 2:40 | Create | Villager (Male) |
| 3:11 | Create | Villager (Male) |
| 3:12 | Create | Villager (Male) |
| 3:37 | Build | House |
| 3:39 | Build | House |
| 3:56 | Create | Villager (Male) |
| 3:56 | Create | Villager (Male) |
| 4:05 | Create | Villager (Male) |
| 4:05 | Create | Villager (Male) |
| 4:22 | Create | Villager (Male) |
| 4:51 | Build | House |
| 5:01 | Create | Villager (Male) |
| 5:24 | Create | Villager (Male) |
| 5:44 | Build | Mill |
| 5:46 | Create | Villager (Male) |
| 6:15 | Create | Villager (Male) |
| 6:30 | Create | Villager (Male) |
| 7:14 | Build | Farm |
| 7:15 | Build | Farm |
| 7:18 | Create | Villager (Male) |
| 7:45 | Build | Farm |
| 7:48 | Create | Villager (Male) |
| 7:48 | Create | Villager (Male) |
| 8:12 | Build | Mining Camp |
| 8:25 | Create | Villager (Male) |
| 8:25 | Create | Villager (Male) |
| 9:36 | Research | Feudal Age |
| 10:23 | Create | Villager (Male) |
| 10:24 | Create | Villager (Male) |
| 10:54 | Age | Feudal Age |
| 10:58 | Build | Market |
| 11:00 | Build | Blacksmith |
| 11:32 | Build | House |
| 11:45 | Research | Castle Age |
| 11:45 | Research | Castle Age |
| 11:50 | Research | Double-Bit Axe |
| 11:50 | Research | Double-Bit Axe |
| 12:09 | Research | Horse Collar |
| 12:19 | Create | Villager (Male) |
| 12:55 | Create | Villager (Male) |
| 13:21 | Age | Castle Age |
| 13:26 | Build | Town Center |
| 13:29 | Create | Villager (Male) |
| 13:34 | Build | Town Center |
| 13:55 | Research | Bow Saw |
| 13:55 | Research | Bow Saw |
| 14:16 | Create | Villager (Male) |
| 14:21 | Build | Farm |
| 14:28 | Create | Villager (Male) |
| 14:41 | Build | Farm |
| 14:45 | Build | House |
| 14:46 | Create | Villager (Male) |
| 14:46 | Create | Villager (Male) |
| 14:57 | Create | Villager (Male) |
| 15:05 | Build | Farm |
| 15:15 | Build | Farm |
| 15:16 | Build | Farm |
| 15:19 | Build | Farm |
| 15:21 | Create | Villager (Male) |
| 15:25 | Build | Farm |
| 15:29 | Build | Farm |
| 15:33 | Build | House |
| 15:42 | Build | Farm |
| 15:46 | Create | Villager (Male) |
| 15:50 | Build | Farm |
| 15:54 | Build | Farm |
| 16:05 | Build | Farm |
| 16:13 | Create | Villager (Male) |
| 16:24 | Build | Farm |
| 16:25 | Build | Farm |
| 16:28 | Build | Farm |
| 16:29 | Create | Villager (Male) |
| 16:31 | Build | House |
| 16:33 | Create | Villager (Male) |
| 16:43 | Build | Farm |
| 16:45 | Build | Farm |
| 16:48 | Create | Villager (Male) |
| 17:02 | Build | Siege Workshop |
| 17:05 | Build | House |
| 17:06 | Build | House |
| 17:12 | Create | Villager (Male) ×3 |
| 17:32 | Create | Villager (Male) |
| 17:33 | Create | Villager (Male) |
| 17:42 | Create | Villager (Male) |
| 17:47 | Build | House |
| 18:01 | Create | Villager (Male) |
| 18:08 | Build | Mill |
| 18:10 | Build | Farm |
| 18:10 | Build | Farm |
| 18:11 | Build | Farm |
| 18:11 | Build | Farm |
| 18:12 | Build | Farm |
| 18:17 | Create | Villager (Male) ×3 |
| 18:31 | Create | Villager (Male) |
| 18:34 | Build | House |
| 18:35 | Build | House |
| 18:40 | Create | Villager (Male) ×2 |
| 18:53 | Build | Barracks |
| 18:57 | Create | Villager (Male) |
| 19:03 | Build | Farm |
| 19:04 | Build | Farm |
| 19:29 | Create | Villager (Male) |
| 19:31 | Build | Archery Range |
| 19:39 | Build | Archery Range |
| 19:46 | Create | Spearman |
| 19:50 | Build | House |
| 19:57 | Research | Fletching |
| 20:06 | Research | Crossbowman (upgrade) |
| 20:06 | Create | Archer |
| 20:06 | Create | Archer |
| 20:09 | Create | Archer |
| 20:09 | Create | Archer |
| 20:10 | Create | Villager (Male) ×2 |
| 20:25 | Create | Archer |
| 20:26 | Create | Villager (Male) ×4 |
| 20:28 | Build | Archery Range |
| 20:32 | Build | House |
| 20:47 | Research | Bodkin Arrow |
| 20:49 | Create | Skirmisher |
| 20:58 | Create | Archer |
| 20:58 | Create | Archer |
| 20:58 | Create | Archer |
| 21:02 | Create | Villager (Male) |
| 21:02 | Create | Villager (Male) |
| 21:05 | Build | University |
| 21:11 | Create | Archer |
| 21:11 | Create | Archer |
| 21:12 | Create | Villager (Male) |
| 21:17 | Create | Villager (Male) |
| 21:22 | Create | Villager (Male) |
| 21:32 | Build | House |
| 21:34 | Build | House |
| 21:35 | Build | House |
| 21:39 | Create | Villager (Male) |
| 21:40 | Create | Villager (Male) |
| 21:41 | Create | Villager (Male) |
| 21:58 | Research | Ballistics |
| 22:05 | Create | Archer ×2 |
Build order — earthshaker82
First 150 of 263 actions detected
| 0:01 | Create | Villager (Male) ×4 |
| 0:02 | Build | House |
| 0:03 | Build | House |
| 1:41 | Create | Villager (Male) |
| 1:41 | Create | Villager (Male) |
| 2:23 | Create | Villager (Male) |
| 2:23 | Create | Villager (Male) |
| 2:55 | Create | Villager (Male) |
| 2:55 | Create | Villager (Male) |
| 2:56 | Create | Villager (Male) |
| 3:26 | Create | Villager (Male) |
| 3:26 | Create | Villager (Male) |
| 3:27 | Create | Villager (Male) |
| 4:45 | Research | Loom |
| 5:09 | Research | Feudal Age |
| 5:31 | Build | Lumber Camp |
| 6:09 | Create | Villager (Male) |
| 6:10 | Create | Villager (Male) |
| 6:15 | Build | House |
| 6:16 | Build | House |
| 7:20 | Age | Feudal Age |
| 7:23 | Build | Mill |
| 7:31 | Research | Double-Bit Axe |
| 7:38 | Create | Villager (Male) |
| 8:27 | Create | Villager (Male) |
| 8:43 | Build | Mining Camp |
| 8:57 | Create | Villager (Male) |
| 8:58 | Create | Villager (Male) |
| 9:05 | Research | Horse Collar |
| 9:22 | Create | Villager (Male) |
| 9:28 | Build | House |
| 10:11 | Create | Villager (Male) |
| 10:12 | Create | Villager (Male) |
| 10:13 | Create | Villager (Male) |
| 10:17 | Build | Farm |
| 10:43 | Build | Farm |
| 11:08 | Build | Farm |
| 11:35 | Build | Farm |
| 11:54 | Create | Villager (Male) |
| 11:54 | Create | Villager (Male) |
| 12:01 | Build | Farm |
| 12:19 | Build | Farm |
| 12:31 | Build | Farm |
| 12:42 | Create | Villager (Male) |
| 13:10 | Research | Castle Age |
| 14:05 | Build | House |
| 14:06 | Build | House |
| 14:15 | Create | Villager (Male) |
| 14:15 | Create | Villager (Male) |
| 14:44 | Create | Villager (Male) |
| 15:12 | Create | Villager (Male) |
| 15:50 | Age | Castle Age |
| 15:53 | Build | Town Center |
| 15:56 | Build | Town Center |
| 15:57 | Research | Bow Saw |
| 15:58 | Research | Heavy Plow |
| 16:06 | Build | Farm |
| 16:07 | Build | Farm |
| 16:10 | Build | Farm |
| 16:17 | Create | Villager (Male) |
| 16:21 | Build | Farm |
| 16:26 | Build | Farm |
| 16:40 | Create | Villager (Male) |
| 16:46 | Build | Farm |
| 16:58 | Create | Villager (Male) |
| 17:10 | Create | Villager (Male) |
| 17:14 | Create | Villager (Male) |
| 17:16 | Build | Farm |
| 17:25 | Build | Farm |
| 17:25 | Create | Villager (Male) |
| 17:25 | Create | Villager (Male) |
| 17:26 | Create | Villager (Male) |
| 17:30 | Create | Villager (Male) |
| 17:30 | Create | Villager (Male) |
| 17:35 | Build | Farm |
| 17:40 | Create | Villager (Male) |
| 17:45 | Build | Farm |
| 17:46 | Create | Villager (Male) |
| 17:47 | Create | Villager (Male) |
| 17:56 | Build | Farm |
| 18:02 | Create | Villager (Male) |
| 18:02 | Create | Villager (Male) |
| 18:02 | Create | Villager (Male) |
| 18:09 | Create | Villager (Male) |
| 18:29 | Create | Villager (Male) |
| 18:29 | Create | Villager (Male) |
| 18:35 | Create | Villager (Male) |
| 18:35 | Create | Villager (Male) |
| 18:37 | Build | Farm |
| 18:38 | Build | Farm |
| 18:44 | Create | Villager (Male) |
| 18:48 | Build | Farm |
| 18:50 | Create | Villager (Male) |
| 18:54 | Build | Farm |
| 18:56 | Create | Villager (Male) |
| 18:56 | Create | Villager (Male) |
| 19:00 | Build | House |
| 19:01 | Build | House |
| 19:03 | Build | House |
| 19:08 | Create | Villager (Male) |
| 19:16 | Create | Villager (Male) |
| 19:16 | Create | Villager (Male) |
| 19:22 | Create | Villager (Male) |
| 19:22 | Create | Villager (Male) |
| 19:25 | Build | Farm |
| 19:28 | Build | Farm |
| 19:38 | Create | Villager (Male) |
| 19:39 | Create | Villager (Male) |
| 19:40 | Build | House |
| 19:41 | Build | House |
| 19:41 | Build | House |
| 19:44 | Create | Villager (Male) |
| 19:45 | Create | Villager (Male) |
| 19:48 | Build | House |
| 20:03 | Create | Villager (Male) |
| 20:03 | Create | Villager (Male) |
| 20:05 | Build | Farm |
| 20:12 | Create | Villager (Male) |
| 20:15 | Build | Farm |
| 20:16 | Build | Farm |
| 20:17 | Build | Farm |
| 20:19 | Create | Villager (Male) |
| 20:24 | Research | Wheelbarrow |
| 20:29 | Create | Villager (Male) |
| 20:58 | Research | Gold Mining |
| 21:25 | Create | Villager (Male) |
| 21:32 | Build | Siege Workshop |
| 22:05 | Build | Market |
| 22:08 | Research | Imperial Age |
| 22:09 | Create | Villager (Male) |
| 22:18 | Build | Barracks |
| 22:21 | Build | Barracks |
| 22:32 | Create | Villager (Male) |
| 22:32 | Create | Villager (Male) |
| 22:37 | Build | Blacksmith |
| 22:41 | Create | Battering Ram |
| 22:44 | Create | Villager (Male) |
| 22:44 | Create | Villager (Male) |
| 23:03 | Build | Barracks |
| 23:13 | Create | Villager (Male) |
| 23:16 | Create | Battering Ram |
| 23:19 | Research | Pikeman (upgrade) |
| 23:42 | Create | Spearman |
| 23:42 | Create | Spearman |
| 23:42 | Create | Spearman |
| 23:43 | Create | Spearman |
| 24:05 | Create | Battering Ram |
| 24:10 | Build | Barracks |
| 24:14 | Create | Villager (Male) |
| 24:15 | Create | Villager (Male) |
Build order — pab.lo
First 150 of 489 actions detected
| 0:01 | Create | Villager (Male) |
| 0:01 | Create | Villager (Male) |
| 0:02 | Build | House |
| 0:03 | Build | House |
| 0:18 | Create | Villager (Male) |
| 0:19 | Create | Villager (Male) |
| 1:30 | Create | Villager (Male) |
| 1:30 | Create | Villager (Male) |
| 1:43 | Create | Villager (Male) |
| 1:50 | Build | Lumber Camp |
| 2:26 | Create | Villager (Male) |
| 2:43 | Create | Villager (Male) |
| 3:15 | Create | Villager (Male) |
| 3:17 | Create | Villager (Male) |
| 3:24 | Build | House |
| 3:34 | Create | Villager (Male) |
| 4:02 | Build | Mill |
| 4:12 | Create | Villager (Male) |
| 4:38 | Create | Villager (Male) |
| 4:47 | Create | Villager (Male) |
| 5:21 | Create | Villager (Male) |
| 5:25 | Create | Villager (Male) |
| 5:30 | Build | House |
| 5:30 | Build | House |
| 5:34 | Build | House |
| 5:54 | Create | Villager (Male) |
| 6:43 | Create | Villager (Male) |
| 7:18 | Create | Villager (Male) |
| 7:44 | Create | Villager (Male) |
| 7:46 | Build | Lumber Camp |
| 8:16 | Research | Feudal Age |
| 8:22 | Build | Farm |
| 8:23 | Build | Farm |
| 8:33 | Build | Mining Camp |
| 8:43 | Build | Farm |
| 8:48 | Build | Farm |
| 9:01 | Create | Villager (Male) |
| 9:01 | Create | Villager (Male) |
| 10:31 | Age | Feudal Age |
| 10:34 | Build | Market |
| 10:36 | Build | Blacksmith |
| 11:41 | Research | Castle Age |
| 12:14 | Research | Double-Bit Axe |
| 12:48 | Research | Horse Collar |
| 12:49 | Research | Horse Collar |
| 13:26 | Create | Villager (Male) |
| 14:21 | Age | Castle Age |
| 14:22 | Build | Town Center |
| 14:25 | Research | Bow Saw |
| 14:28 | Build | Town Center |
| 14:31 | Create | Villager (Male) |
| 14:42 | Build | Monastery |
| 14:54 | Create | Villager (Male) |
| 15:24 | Create | Villager (Male) |
| 15:27 | Create | Villager (Male) |
| 15:28 | Create | Villager (Male) |
| 15:32 | Build | Barracks |
| 15:34 | Create | Monk |
| 15:43 | Create | Villager (Male) |
| 15:47 | Build | Farm |
| 15:54 | Build | Farm |
| 15:55 | Create | Villager (Male) |
| 15:59 | Build | Farm |
| 16:08 | Build | Farm |
| 16:18 | Build | Farm |
| 16:23 | Build | Farm |
| 16:24 | Create | Villager (Male) |
| 16:35 | Create | Spearman |
| 16:42 | Build | Farm |
| 16:43 | Create | Villager (Male) |
| 16:47 | Build | Farm |
| 16:55 | Create | Villager (Male) |
| 17:02 | Build | House |
| 17:08 | Create | Villager (Male) |
| 17:08 | Create | Villager (Male) |
| 17:12 | Create | Villager (Male) |
| 17:13 | Create | Villager (Male) |
| 17:21 | Build | House |
| 17:25 | Create | Villager (Male) |
| 17:33 | Create | Villager (Male) |
| 17:41 | Create | Villager (Male) |
| 17:53 | Create | Villager (Male) |
| 17:59 | Build | Town Center |
| 18:00 | Create | Villager (Male) |
| 18:01 | Build | Farm |
| 18:05 | Create | Villager (Male) |
| 18:13 | Build | House |
| 18:13 | Create | Villager (Male) |
| 18:20 | Build | Farm |
| 18:22 | Create | Villager (Male) |
| 18:27 | Build | Farm |
| 18:35 | Create | Villager (Male) |
| 18:38 | Create | Villager (Male) |
| 18:41 | Build | Farm |
| 18:42 | Build | Farm |
| 18:50 | Create | Villager (Male) |
| 18:50 | Create | Villager (Male) |
| 18:57 | Build | Farm |
| 18:57 | Build | Farm |
| 19:00 | Create | Villager (Male) |
| 19:00 | Create | Villager (Male) |
| 19:07 | Build | House |
| 19:11 | Build | Farm |
| 19:12 | Create | Villager (Male) |
| 19:30 | Create | Monk |
| 19:31 | Create | Villager (Male) |
| 19:31 | Create | Villager (Male) |
| 19:34 | Build | Farm |
| 19:34 | Build | Farm |
| 19:35 | Build | Farm |
| 19:35 | Build | Farm |
| 19:35 | Build | Farm |
| 19:36 | Create | Villager (Male) |
| 19:39 | Build | House |
| 19:42 | Create | Villager (Male) |
| 19:52 | Build | Farm |
| 19:52 | Build | Farm |
| 19:55 | Create | Villager (Male) |
| 20:07 | Build | Farm |
| 20:07 | Build | Farm |
| 20:08 | Build | Farm |
| 20:08 | Create | Villager (Male) |
| 20:12 | Build | House |
| 20:16 | Create | Villager (Male) |
| 20:17 | Create | Villager (Male) |
| 20:23 | Create | Villager (Male) |
| 20:24 | Create | Villager (Male) |
| 20:28 | Build | Farm |
| 20:30 | Build | Farm |
| 20:31 | Build | Farm |
| 20:34 | Create | Villager (Male) |
| 20:35 | Build | Farm |
| 20:39 | Create | Villager (Male) |
| 20:41 | Build | House |
| 20:41 | Build | House |
| 20:44 | Create | Villager (Male) |
| 20:44 | Create | Villager (Male) |
| 20:53 | Create | Villager (Male) |
| 21:02 | Create | Villager (Male) |
| 21:02 | Create | Villager (Male) |
| 21:05 | Build | House |
| 21:05 | Build | House |
| 21:06 | Build | House |
| 21:09 | Build | Farm |
| 21:10 | Build | Farm |
| 21:10 | Create | Villager (Male) |
| 21:14 | Build | Mill |
| 21:14 | Build | Farm |
| 21:14 | Build | Farm |
| 21:15 | Build | Farm |
Build order — Supernatural
First 150 of 274 actions detected
| 0:01 | Create | Villager (Male) |
| 0:02 | Create | Villager (Male) |
| 0:03 | Build | House |
| 0:04 | Build | House |
| 0:08 | Create | Villager (Male) |
| 0:10 | Create | Villager (Male) |
| 1:26 | Create | Villager (Male) |
| 1:55 | Build | Lumber Camp |
| 1:58 | Create | Villager (Male) |
| 2:14 | Create | Villager (Male) |
| 2:52 | Create | Villager (Male) |
| 2:52 | Create | Villager (Male) |
| 3:04 | Create | Villager (Male) |
| 3:05 | Create | Villager (Male) |
| 3:36 | Create | Villager (Male) |
| 3:56 | Create | Villager (Male) |
| 4:00 | Build | House |
| 4:19 | Build | House |
| 4:29 | Create | Villager (Male) |
| 4:49 | Create | Villager (Male) |
| 4:57 | Build | House |
| 5:02 | Create | Villager (Male) |
| 5:08 | Build | Mill |
| 5:34 | Create | Villager (Male) |
| 6:05 | Create | Villager (Male) |
| 6:05 | Create | Villager (Male) |
| 6:12 | Create | Villager (Male) |
| 6:47 | Build | Farm |
| 6:59 | Create | Villager (Male) |
| 6:59 | Create | Villager (Male) |
| 7:09 | Create | Villager (Male) |
| 7:09 | Create | Villager (Male) |
| 7:10 | Create | Villager (Male) |
| 7:30 | Create | Villager (Male) |
| 7:32 | Create | Villager (Male) |
| 7:34 | Build | Farm |
| 8:05 | Create | Villager (Male) |
| 8:19 | Build | Farm |
| 8:58 | Build | Mining Camp |
| 9:31 | Research | Feudal Age |
| 10:09 | Build | Barracks |
| 10:20 | Build | Barracks |
| 11:06 | Build | Farm |
| 11:46 | Create | Villager (Male) |
| 11:47 | Age | Feudal Age |
| 11:52 | Build | Stable |
| 11:59 | Build | Blacksmith |
| 12:30 | Create | Villager (Male) |
| 12:30 | Create | Villager (Male) |
| 12:54 | Research | Castle Age |
| 12:56 | Build | House |
| 12:57 | Create | Scout Cavalry |
| 12:57 | Create | Scout Cavalry |
| 12:57 | Create | Scout Cavalry |
| 13:26 | Research | Horse Collar |
| 13:38 | Build | House |
| 13:39 | Create | Scout Cavalry |
| 13:50 | Build | Farm |
| 13:53 | Build | Farm |
| 13:54 | Build | Farm |
| 13:55 | Build | Farm |
| 14:07 | Create | Scout Cavalry |
| 14:10 | Build | House |
| 14:19 | Build | Farm |
| 14:49 | Create | Scout Cavalry |
| 15:00 | Research | Double-Bit Axe |
| 15:26 | Create | Scout Cavalry |
| 15:35 | Age | Castle Age |
| 15:52 | Create | Villager (Male) |
| 16:02 | Create | Villager (Male) |
| 16:07 | Create | Villager (Male) |
| 16:12 | Build | Town Center |
| 16:41 | Research | Light Cavalry (upgrade) |
| 17:00 | Create | Villager (Male) |
| 17:04 | Build | Farm |
| 17:42 | Create | Villager (Male) |
| 17:44 | Create | Villager (Male) |
| 17:46 | Build | Farm |
| 17:47 | Build | Farm |
| 17:48 | Build | Farm |
| 18:04 | Create | Villager (Male) |
| 18:15 | Create | Villager (Male) |
| 18:18 | Build | Farm |
| 18:36 | Create | Scout Cavalry |
| 18:57 | Create | Scout Cavalry |
| 19:18 | Create | Villager (Male) |
| 19:23 | Create | Knight |
| 19:23 | Create | Knight |
| 19:31 | Create | Villager (Male) |
| 19:37 | Build | Town Center |
| 19:54 | Create | Knight |
| 19:54 | Create | Knight |
| 20:26 | Create | Villager (Male) |
| 20:31 | Create | Knight |
| 20:32 | Create | Knight |
| 20:36 | Create | Villager (Male) |
| 20:49 | Create | Villager (Male) |
| 21:03 | Build | Market |
| 21:14 | Create | Villager (Male) |
| 21:19 | Build | House |
| 21:20 | Build | House |
| 21:45 | Create | Villager (Male) |
| 22:04 | Create | Villager (Male) |
| 22:08 | Create | Villager (Male) |
| 22:08 | Create | Villager (Male) |
| 22:08 | Create | Villager (Male) |
| 22:29 | Create | Villager (Male) |
| 22:43 | Create | Villager (Male) |
| 22:45 | Create | Villager (Male) |
| 22:55 | Build | Town Center |
| 22:58 | Build | Farm |
| 22:59 | Build | Farm |
| 23:00 | Build | Farm |
| 23:01 | Build | Farm |
| 23:02 | Build | Farm |
| 23:13 | Create | Knight |
| 23:26 | Create | Villager (Male) |
| 23:32 | Build | Farm |
| 23:33 | Build | Farm |
| 23:34 | Build | Farm |
| 23:40 | Create | Villager (Male) |
| 23:42 | Research | Wheelbarrow |
| 23:42 | Research | Loom |
| 24:02 | Create | Villager (Male) |
| 24:04 | Create | Villager (Male) |
| 24:11 | Create | Villager (Male) |
| 24:11 | Create | Villager (Male) |
| 24:14 | Build | Mining Camp |
| 24:20 | Build | Archery Range |
| 24:21 | Build | Archery Range |
| 24:22 | Build | Archery Range |
| 24:23 | Create | Villager (Male) |
| 24:28 | Create | Villager (Male) |
| 24:34 | Build | Farm |
| 24:44 | Create | Villager (Male) |
| 24:55 | Create | Villager (Male) |
| 25:01 | Create | Villager (Male) |
| 25:06 | Build | Archery Range |
| 25:17 | Create | Villager (Male) |
| 25:17 | Create | Villager (Male) |
| 25:23 | Create | Villager (Male) |
| 25:24 | Create | Villager (Male) |
| 25:30 | Build | Lumber Camp |
| 25:30 | Create | Villager (Male) |
| 25:32 | Create | Villager (Male) |
| 25:49 | Build | Archery Range |
| 25:50 | Build | Archery Range |
| 25:50 | Create | Villager (Male) |
| 25:51 | Create | Villager (Male) |
| 25:57 | Build | Stone Wall |
Build order — Unknown
First 150 of 453 actions detected
| 0:01 | Create | Villager (Male) ×4 |
| 0:01 | Create | Villager (Male) ×4 |
| 0:03 | Build | House |
| 0:05 | Build | House |
| 1:31 | Create | Villager (Male) |
| 1:31 | Create | Villager (Male) |
| 1:48 | Build | Lumber Camp |
| 1:54 | Build | Lumber Camp |
| 2:04 | Create | Villager (Male) |
| 2:04 | Create | Villager (Male) |
| 2:18 | Create | Villager (Male) |
| 2:18 | Create | Villager (Male) |
| 2:46 | Create | Villager (Male) |
| 3:04 | Create | Villager (Male) |
| 3:04 | Create | Villager (Male) |
| 3:36 | Create | Villager (Male) |
| 3:36 | Create | Villager (Male) |
| 3:56 | Create | Villager (Male) |
| 3:56 | Create | Villager (Male) |
| 4:08 | Build | House |
| 4:26 | Create | Villager (Male) |
| 4:26 | Create | Villager (Male) |
| 4:44 | Create | Villager (Male) |
| 4:44 | Create | Villager (Male) |
| 5:05 | Build | Mill |
| 5:07 | Build | House |
| 5:08 | Build | House |
| 5:13 | Create | Villager (Male) |
| 5:21 | Create | Villager (Male) |
| 5:38 | Create | Villager (Male) |
| 6:08 | Create | Villager (Male) |
| 6:11 | Create | Villager (Male) |
| 6:11 | Create | Villager (Male) |
| 6:14 | Create | Villager (Male) |
| 6:14 | Create | Villager (Male) |
| 6:20 | Build | House |
| 6:40 | Create | Villager (Male) |
| 6:40 | Create | Villager (Male) |
| 6:56 | Create | Villager (Male) |
| 6:56 | Create | Villager (Male) |
| 7:01 | Create | Villager (Male) |
| 7:01 | Create | Villager (Male) |
| 7:27 | Create | Villager (Male) |
| 7:35 | Create | Villager (Male) |
| 8:02 | Build | Mining Camp |
| 8:15 | Research | Feudal Age |
| 8:22 | Build | Farm |
| 8:25 | Build | Farm |
| 9:20 | Create | Villager (Male) |
| 9:55 | Create | Villager (Male) |
| 10:31 | Age | Feudal Age |
| 10:33 | Build | Market |
| 10:37 | Build | Blacksmith |
| 10:44 | Research | Double-Bit Axe |
| 10:59 | Build | House |
| 11:22 | Research | Castle Age |
| 11:34 | Research | Horse Collar |
| 12:00 | Build | Farm |
| 12:05 | Build | Farm |
| 12:46 | Create | Villager (Male) |
| 13:29 | Create | Villager (Male) |
| 14:00 | Create | Villager (Male) |
| 14:02 | Age | Castle Age |
| 14:04 | Build | Town Center |
| 14:05 | Research | Bow Saw |
| 14:05 | Research | Bow Saw |
| 14:06 | Research | Heavy Plow |
| 14:28 | Create | Villager (Male) |
| 14:36 | Create | Villager (Male) |
| 14:39 | Build | Town Center |
| 14:51 | Create | Villager (Male) |
| 15:20 | Create | Villager (Male) |
| 15:28 | Create | Villager (Male) ×3 |
| 15:31 | Build | Farm |
| 15:31 | Build | Farm |
| 15:31 | Build | Farm |
| 15:32 | Build | Farm |
| 15:32 | Build | Farm |
| 15:55 | Create | Villager (Male) |
| 15:58 | Build | Farm |
| 15:58 | Build | Farm |
| 15:59 | Build | Farm |
| 15:59 | Build | Farm |
| 15:59 | Build | Farm |
| 16:01 | Create | Villager (Male) |
| 16:01 | Create | Villager (Male) |
| 16:06 | Build | Farm |
| 16:19 | Build | Farm |
| 16:20 | Build | Farm |
| 16:20 | Build | Farm |
| 16:22 | Create | Villager (Male) |
| 16:22 | Create | Villager (Male) |
| 16:30 | Build | House |
| 16:31 | Build | Palisade Wall |
| 16:35 | Build | Farm |
| 16:38 | Build | Farm |
| 16:38 | Build | Farm |
| 16:38 | Build | Farm |
| 16:41 | Create | Villager (Male) |
| 16:52 | Create | Villager (Male) |
| 16:55 | Build | Farm |
| 16:55 | Build | Farm |
| 16:56 | Build | Farm |
| 17:06 | Build | Farm |
| 17:07 | Create | Villager (Male) |
| 17:07 | Create | Villager (Male) |
| 17:12 | Build | House |
| 17:18 | Create | Villager (Male) |
| 17:22 | Build | Farm |
| 17:28 | Build | Farm |
| 17:31 | Create | Villager (Male) |
| 17:34 | Build | Farm |
| 17:34 | Build | Farm |
| 17:37 | Create | Villager (Male) |
| 17:41 | Build | House |
| 17:49 | Create | Villager (Male) |
| 17:54 | Create | Villager (Male) |
| 17:56 | Build | Farm |
| 18:02 | Build | Farm |
| 18:06 | Build | House |
| 18:08 | Create | Villager (Male) |
| 18:08 | Create | Villager (Male) |
| 18:13 | Create | Villager (Male) |
| 18:22 | Build | Farm |
| 18:22 | Build | Farm |
| 18:22 | Build | Farm |
| 18:23 | Build | Farm |
| 18:24 | Create | Villager (Male) |
| 18:24 | Create | Villager (Male) |
| 18:30 | Build | Farm |
| 18:31 | Create | Villager (Male) |
| 18:31 | Create | Villager (Male) |
| 18:34 | Build | House |
| 18:35 | Create | Villager (Male) |
| 18:36 | Create | Villager (Male) |
| 18:40 | Create | Villager (Male) |
| 18:49 | Create | Villager (Male) |
| 18:53 | Create | Villager (Male) |
| 18:56 | Build | Farm |
| 18:56 | Build | Farm |
| 18:57 | Build | Farm |
| 19:01 | Build | Farm |
| 19:05 | Create | Villager (Male) |
| 19:05 | Create | Villager (Male) |
| 19:11 | Create | Villager (Male) |
| 19:16 | Build | House |
| 19:17 | Build | House |
| 19:18 | Create | Villager (Male) |
| 19:18 | Create | Villager (Male) |
| 19:21 | Create | Villager (Male) |
Match timeline
| 7:20 | earthshaker82 · age_up feudal |
| 9:29 | TheBlackMamba · age_up feudal |
| 10:09 | Supernatural · first_building Barracks |
| 10:22 | TheBlackMamba · first_market_buy 100 food |
| 10:22 | TheBlackMamba · first_market_sell 100 stone |
| 10:31 | pab.lo · age_up feudal |
| 10:31 | Unknown · age_up feudal |
| 10:35 | Shamdan · age_up feudal |
| 10:54 | 4lex · age_up feudal |
| 10:56 | Cowboy · age_up feudal |
| 11:47 | Supernatural · age_up feudal |
| 11:52 | Supernatural · first_building Stable |
| 13:09 | TheBlackMamba · age_up castle |
| 13:21 | 4lex · age_up castle |
| 13:29 | TheBlackMamba · first_building Monastery |
| 13:51 | TheBlackMamba · first_building Siege Workshop |
| 14:02 | Unknown · age_up castle |
| 14:15 | 4lex · first_market_buy 100 food |
| 14:20 | Shamdan · age_up castle |
| 14:21 | pab.lo · age_up castle |
| 14:23 | Unknown · first_market_buy 100 wood |
| 14:26 | Cowboy · age_up castle |
| 14:29 | Shamdan · first_building Monastery |
| 14:30 | Cowboy · first_building Monastery |
| 14:42 | pab.lo · first_building Monastery |
| 14:46 | Cowboy · first_market_buy 100 wood |
| 15:32 | pab.lo · first_building Barracks |
| 15:35 | Supernatural · age_up castle |
| 15:50 | earthshaker82 · age_up castle |
| 16:26 | Cowboy · first_market_sell 100 wood |
| 16:29 | Cowboy · wall_segment Stone Wall x1 |
| 16:29 | Cowboy · wall_segment Stone Wall x1 |
| 16:31 | Unknown · wall_segment Palisade Wall x1 |
| 16:33 | Cowboy · wall_segment Stone Wall x1 |
| 16:43 | Cowboy · wall_segment Stone Wall x1 |
| 16:51 | Cowboy · wall_segment Stone Wall x1 |
| 16:59 | Cowboy · wall_segment Stone Wall x1 |
| 17:02 | 4lex · first_building Siege Workshop |
| 17:13 | Cowboy · wall_segment Stone Wall x1 |
| 17:17 | Cowboy · first_building Siege Workshop |
| 17:22 | Cowboy · wall_segment Stone Wall x1 |
| 17:25 | Cowboy · wall_segment Stone Wall x1 |
| 17:33 | Cowboy · wall_segment Stone Wall x1 |
| 17:34 | Cowboy · wall_segment Stone Wall x1 |
| 17:40 | Cowboy · first_building Barracks |
| 17:47 | Cowboy · wall_segment Stone Wall x1 |
| 17:49 | Cowboy · wall_segment Stone Wall x1 |
| 17:53 | pab.lo · first_market_buy 100 stone |
| 18:12 | Cowboy · wall_segment Stone Wall x1 |
| 18:13 | Shamdan · first_market_buy 100 stone |
| 18:14 | Cowboy · wall_segment Stone Wall x1 |
| 18:15 | Cowboy · wall_segment Stone Wall x1 |
| 18:53 | 4lex · first_building Barracks |
| 19:31 | 4lex · first_building Archery Range |
| 20:56 | 4lex · first_market_sell 100 wood |
| 21:32 | earthshaker82 · first_building Siege Workshop |
| 22:18 | earthshaker82 · first_building Barracks |
| 22:51 | Supernatural · first_market_buy 100 stone |
| 23:39 | Supernatural · first_market_sell 100 wood |
| 23:44 | Unknown · first_building Siege Workshop |
| 24:11 | Unknown · first_building Barracks |
| 24:14 | Shamdan · first_building Barracks |
| 24:20 | Unknown · first_market_sell 100 food |
| 24:20 | Supernatural · first_building Archery Range |
| 24:59 | Shamdan · first_building Stable |
| 25:17 | pab.lo · first_market_sell 500 wood |
| 25:18 | earthshaker82 · age_up imperial |
| 25:28 | Cowboy · wall_segment Stone Wall x1 |
| 25:57 | Supernatural · wall_segment Stone Wall x21 |
| 26:23 | pab.lo · first_building Castle |
| 26:28 | Cowboy · wall_segment Stone Wall x1 |
| 27:03 | Unknown · wall_segment Stone Wall x1 |
| 27:19 | 4lex · age_up imperial |
| 27:29 | Shamdan · first_building Archery Range |
| 27:36 | 4lex · first_building Castle |
| 27:55 | Unknown · age_up imperial |
| 28:13 | Shamdan · age_up imperial |
| 28:45 | pab.lo · age_up imperial |
| 30:46 | Shamdan · tribute_sent a jugador 1 |
| 30:46 | Shamdan · tribute_sent a jugador 2 |
| 30:46 | Shamdan · tribute_sent a jugador 3 |
| 30:46 | Shamdan · tribute_sent a jugador 4 |
| 30:46 | Shamdan · tribute_sent a jugador 5 |
| 30:46 | Shamdan · tribute_sent a jugador 7 |
| 30:46 | Shamdan · tribute_sent a jugador 8 |
| 31:42 | earthshaker82 · wall_segment Stone Wall x4 |
| 32:44 | earthshaker82 · wall_segment Stone Wall x4 |
| 32:57 | Shamdan · tribute_sent a jugador 1 |
| 32:57 | Shamdan · tribute_sent a jugador 2 |
| 32:57 | Shamdan · tribute_sent a jugador 3 |
| 32:57 | Shamdan · tribute_sent a jugador 4 |
| 32:57 | Shamdan · tribute_sent a jugador 5 |
| 32:57 | Shamdan · tribute_sent a jugador 7 |
| 32:57 | Shamdan · tribute_sent a jugador 8 |
| 33:02 | earthshaker82 · first_building Castle |
| 34:09 | TheBlackMamba · first_building Barracks |
| 34:59 | earthshaker82 · resign |
[ AI ANALYSIS · 1 CREDIT ]
What really happened in this match?
Wolo.gg analyzes every decision: build order, eco, micro, common mistakes by bracket. Personalized analysis on WhatsApp or Discord in 30 seconds.
Civ guide
Lithuanians
Perfil
Jugador #24949086